Map: Simulacrum LE

Players

YoutubeTY (TY) - Winner!

  • Race: Terran Terran
  • League: Diamond
  • Spawn Location: 11:00

Vanya

  • Race: Zerg Zerg
  • Spawn Location: 5:00

Event: Shopify TSL 5

VOD

Have the link to the VOD?

Description

Time

  • Played on: May 16, 2020, 10:13 a.m.
  • Length: 14:22

All games in this series

Show
View Real Time Build Order
Export as new Build Order

YoutubeTY Terran - Winner!

Build Orders: Liberator Opening, Reaper Expand 

Get SALT Encoding   

  12  0:01  SCV  
  13  0:13  SCV  
  14  0:17  Supply Depot  
  14  0:25  SCV  
  15  0:39  SCV  
  15  0:40  Barracks  
  16  0:43  Refinery  
  16  0:51  SCV  
  17  1:03  SCV  
  18  1:15  SCV  
  19  1:27  Reaper  
  19  1:28  Orbital Command  
  20  1:40  Command Center  
  20  1:50  Supply Depot  
  20  1:54  SCV  
  20  1:59  Marine  
  22  2:06  Factory  
  22  2:11  SCV  
  23  2:17  Refinery  
  23  2:21  Barracks Reactor  
  23  2:23  SCV  
  24  2:35  SCV  
  25  2:47  SCV  
  26  2:52  Starport  
  26  2:55  Orbital Command  
  26  2:59  SCV  
  26  3:01  Hellion x2  
  31  3:06  Barracks Tech Lab  
  31  3:11  SCV  
  32  3:21  SCV  
  32  3:22  Hellion x2  
  32  3:24  SCV  
  38  3:28  Liberator  
  41  3:34  SCV  
  41  3:35  Supply Depot  
  41  3:39  SCV  
  43  3:46  SCV, Stimpack  
  43  3:48  Supply Depot  
  44  3:51  SCV  
  45  3:57  Hellion x2  
  45  3:58  SCV  
  50  4:03  SCV  
  48  4:10  SCV  
  48  4:14  Marine  
  48  4:15  SCV  
  43  4:18  Hellion  
  43  4:23  SCV  
  45  4:25  Starport Tech Lab  
  45  4:28  Bunker  
  46  4:32  Marine  
  46  4:39  SCV x2, Command Center  
  46  4:43  Banshee  
  51  4:51  SCV x2, Marine  
  54  5:01  Factory Reactor, Barracks  
  54  5:03  SCV  
  54  5:04  SCV, Barracks  
  56  5:08  Marine  
  56  5:12  Supply Depot  
  56  5:14  Supply Depot  
  57  5:15  SCV  
  57  5:16  SCV  
  57  5:20  Engineering Bay  
  59  5:21  Engineering Bay  
  59  5:26  Marine  
  59  5:27  SCV  
  59  5:28  SCV  
  62  5:37  Starport Reactor, Refinery  
  62  5:39  SCV  
  62  5:40  SCV  
  64  5:44  Marine  
  64  5:45  Siege Tank  
  64  5:49  Combat Shield, Marine x2  
  69  5:53  Orbital Command  
  70  5:59  Refinery  
  70  6:01  Terran Infantry Weapons Level 1, Marine x2, Terran Infantry Armor Level 1  
  70  6:02  Marine  
  70  6:03  SCV  
  74  6:04  Supply Depot  
  74  6:07  Marine x2  
  76  6:11  Orbital Command  
  76  6:15  Medivac x2  
  80  6:19  SCV x2, Marine x2  
  80  6:20  Marine  
  80  6:25  Marine x2  
  87  6:28  Siege Tank  
  87  6:33  SCV x2  
  87  6:37  SCV, Marine x3  
  93  6:40  Supply Depot  
  93  6:43  Supply Depot, Marine  
  93  6:45  Medivac  
  96  6:47  Marine  
  96  6:49  SCV x2  
  99  6:55  Marine x2  
  99  6:56  Barracks x2  
  101  7:02  SCV, Marine x2  
  101  7:03  SCV  
  101  7:04  Supply Depot  
  101  7:05  Marine  
  101  7:06  SCV  
  101  7:07  Supply Depot  
  107  7:10  Supply Depot  
  108  7:16  Marine x2  
  108  7:18  Siege Tank  
  108  7:19  SCV x2  
  108  7:20  Marine x2  
  108  7:21  Refinery  
  116  7:25  Supply Depot  
  116  7:28  SCV  
  117  7:31  SCV  
  117  7:32  SCV  
  117  7:36  Marine  
  117  7:37  Marine x3  
  116  7:42  Armory  
  116  7:43  SCV  
  121  7:44  Barracks Reactor x2, SCV  
  121  7:49  Marine  
  122  7:52  Siege Tank  
  122  7:54  Marine  
  122  7:56  Bunker  
  122  7:57  Marine x2  
  127  7:59  Bunker  
  127  8:00  Medivac x2  
  131  8:11  Command Center  
  131  8:13  Marine x3  
  131  8:17  Marine x2  
  136  8:24  Bunker  
  136  8:25  Marine x4  
  137  8:28  Siege Tank  
  137  8:31  Marine x3  
  137  8:32  Terran Infantry Armor Level 2, Terran Infantry Weapons Level 2  
  143  8:34  Supply Depot  
  143  8:35  Marine x2  
  145  8:43  Marine  
  145  8:44  Marine x2  
  146  8:49  Marine x2  
  146  8:50  Marine  
  146  8:52  SCV  
  146  8:53  SCV x2  
  146  8:58  Terran Vehicle Weapons Level 1  
  146  9:00  Siege Tank  
  146  9:02  Missile Turret  
  149  9:05  Marine x4  
  149  9:07  Marine x2  
  157  9:11  Supply Depot  
  157  9:13  Supply Depot, Marine  
  157  9:14  Marine  
  157  9:15  Medivac, Marine  
  160  9:20  Medivac  
  160  9:23  Marine x2  
  164  9:26  SCV x2  
  164  9:27  SCV  
  167  9:35  Marine  
  160  9:39  Marine  
  160  9:45  Siege Tank  
  160  9:48  Marine x7  
  160  9:52  Planetary Fortress  
  165  9:53  SCV x2  
  165  9:58  Marine  
  162  10:01  Marine  
  162  10:05  Factory, Marine  
  162  10:06  Marine x3  
  169  10:17  Marine x4, Sensor Tower  
  169  10:19  Marine, Siege Tank  
  174  10:22  Barracks  
  174  10:23  Marine x2  
  174  10:24  Medivac x2, Barracks  
  180  10:34  Marine  
  181  10:42  Marine x8  
  189  10:50  Supply Depot, Terran Infantry Weapons Level 3, Terran Infantry Armor Level 3  
  189  10:51  Command Center  
  189  10:52  Missile Turret, Marine  
  189  10:55  Siege Tank, Factory Tech Lab  
  193  10:59  Marine  
  193  11:00  Marine x2  
  193  11:01  Marine x2  
  193  11:08  Marine  
  193  11:09  Marine x2  
  193  11:10  Marine  
  185  11:13  Siege Tank  
  185  11:15  Barracks Tech Lab x2  
  185  11:17  Marine  
  185  11:18  Marine  
  189  11:19  Marine x3  
  192  11:26  Marine x2  
  192  11:27  Marine  
  192  11:28  Marine  
  196  11:33  Terran Vehicle Weapons Level 2  
  196  11:34  Command Center  
  196  11:35  Concussive Shells, Marauder x2  
  195  11:43  Marine x5  
  195  11:44  Marine x2  
  195  11:45  Marauder, Marine, Siege Tank  
  199  11:56  Marine  
  199  12:10  Marine x2  
  199  12:13  Siege Tank  
  198  12:18  Marine x5  
  200  12:26  Barracks  
  200  12:29  Barracks  
  196  12:41  Siege Tank  
  196  12:42  Marauder x2, Marine x6  
  163  12:47  Marine x3  
  148  12:59  Marine x2  
  148  13:00  SCV x3, Planetary Fortress, Marine x3  
  148  13:02  Marine  
  148  13:03  Marauder  
  148  13:04  Marauder, Marine  
  148  13:05  Marauder  
  164  13:06  Marine  
  165  13:17  Marine x3, Barracks Tech Lab x2  
  165  13:18  Marine x2  
  170  13:20  Marine  
  170  13:21  Siege Tank x2  
  170  13:22  Medivac x2, Marine  
  170  13:25  Marauder x2  
  186  13:31  Marauder  
  186  13:32  Marine  
  189  13:35  Marine x3  
  189  13:36  Marine x2  
  189  13:37  Marine  
  189  13:38  Marauder  
  189  13:39  Marauder  
  199  13:43  Marine  
  199  13:50  Marine x2  
  199  13:59  Marine  
  199  14:00  Marauder x2, Marine x3  
Show
View Real Time Build Order
Export as new Build Order

Vanya Zerg 

Build Orders: Hatch First 

Get SALT Encoding   

  12  0:00  Drone  
  13  0:12  Overlord  
  13  0:17  Drone  
  14  0:31  Drone x2  
  16  0:47  Hatchery  
  15  0:51  Drone  
  15  0:55  Drone  
  17  0:58  Drone  
  18  1:09  Extractor  
  17  1:13  Spawning Pool  
  17  1:16  Drone  
  17  1:19  Drone  
  18  1:31  Drone  
  19  1:40  Drone  
  20  1:52  Drone  
  21  2:00  Zergling x2, Queen x2  
  21  2:01  Zergling x2  
  27  2:13  Hatchery  
  26  2:19  Overlord  
  26  2:22  Drone  
  27  2:24  Drone  
  28  2:32  Metabolic Boost  
  28  2:39  Drone x2  
  28  2:43  Queen  
  31  2:48  Overlord  
  31  2:51  Drone  
  31  2:53  Drone  
  31  2:56  Drone  
  34  2:59  Drone  
  35  3:10  Drone x2  
  35  3:11  Drone  
  35  3:12  Drone x2  
  40  3:19  Drone x2  
  42  3:23  Roach Warren, Extractor  
  42  3:26  Drone  
  42  3:27  Zergling x2  
  42  3:32  Queen  
  44  3:35  Zergling x2  
  44  3:37  Zergling x2  
  46  3:42  Overlord  
  46  3:48  Zergling x4  
  46  3:49  Overlord  
  48  4:00  Zergling x6  
  50  4:06  Drone x3  
  49  4:13  Drone  
  49  4:14  Drone  
  49  4:15  Drone  
  49  4:17  Overlord  
  49  4:18  Drone  
  49  4:19  Drone  
  49  4:23  Drone  
  49  4:24  Drone x3  
  51  4:28  Drone  
  53  4:34  Lair  
  53  4:39  Roach x3  
  53  4:41  Drone  
  60  4:46  Drone x2  
  60  4:49  Extractor  
  60  4:50  Drone  
  60  4:51  Drone x2  
  64  4:56  Overlord  
  64  4:57  Drone x3  
  67  5:04  Drone x5  
  67  5:06  Drone  
  71  5:14  Overlord  
  71  5:15  Drone  
  71  5:17  Drone x2  
  71  5:18  Evolution Chamber  
  71  5:19  Evolution Chamber  
  72  5:23  Drone  
  72  5:26  Drone x4  
  76  5:32  Drone x3  
  76  5:33  Extractor  
  78  5:39  Hatchery  
  77  5:44  Extractor x2  
  77  5:46  Zerg Missile Weapons Level 1, Zerg Ground Armor Level 1  
  77  5:49  Drone x3  
  79  5:50  Drone x2  
  79  5:52  Drone  
  79  5:54  Overlord  
  81  5:58  Roach x3  
  81  6:02  Overseer  
  87  6:08  Roach  
  87  6:09  Roach  
  89  6:16  Overlord  
  89  6:20  Drone x2  
  90  6:27  Drone x2  
  90  6:28  Drone x2  
  90  6:32  Glial Reconstitution  
  91  6:33  Overlord  
  91  6:38  Roach x7  
  105  6:43  Overlord  
  105  6:46  Overlord  
  105  6:50  Overseer  
  105  6:53  Ravager  
  105  6:54  Ravager x4  
  108  6:55  Ravager  
  108  6:58  Roach x4  
  108  7:01  Overlord  
  119  7:05  Roach x4  
  127  7:09  Overlord  
  127  7:14  Zergling x4, Roach x3  
  132  7:18  Roach x2  
  136  7:24  Overlord x2  
  136  7:25  Roach x2  
  137  7:33  Roach x4  
  138  7:38  Drone x2  
  138  7:39  Drone x2  
  142  7:45  Roach x5  
  152  7:54  Roach x5  
  152  7:58  Ravager x5  
  167  8:04  Zergling x2  
  168  8:07  Overlord  
  168  8:11  Overlord  
  167  8:15  Zerg Melee Weapons Level 1, Zerg Ground Armor Level 2  
  167  8:17  Drone  
  168  8:24  Overlord  
  168  8:26  Drone x9  
  176  8:30  Baneling Nest  
  175  8:37  Pneumatized Carapace  
  173  8:42  Zergling x12  
  179  8:57  Hatchery x2  
  177  9:03  Zergling x2  
  177  9:04  Zergling x8  
  182  9:12  Zergling x2  
  182  9:13  Zergling x6  
  182  9:14  Overlord, Centrifical Hooks  
  186  9:17  Baneling x10  
  186  9:22  Overlord  
  186  9:31  Overlord  
  185  9:34  Zergling x24  
  186  9:47  Zergling x6  
  186  9:49  Queen  
  187  9:57  Overlord  
  180  10:00  Overlord  
  177  10:08  Queen  
  177  10:09  Zergling x8  
  177  10:13  Baneling x15  
  181  10:14  Overlord  
  181  10:18  Queen  
  183  10:21  Zergling x12  
  189  10:34  Zergling x10  
  194  10:39  Zergling x2  
  194  10:40  Zergling x4  
  194  10:41  Ravager x3  
  200  10:47  Infestation Pit  
  200  10:48  Zerg Missile Weapons Level 2, Zerg Melee Weapons Level 2  
  199  10:51  Baneling x8  
  192  11:06  Zergling x4  
  192  11:07  Zergling x20  
  193  11:12  Baneling x9  
  193  11:20  Zergling x12  
  193  11:25  Hive  
  199  11:29  Baneling x10  
  199  11:30  Baneling x2  
  197  11:40  Zergling x6  
  197  11:45  Baneling x16  
  196  12:12  Zergling x20  
  196  12:15  Zergling x10  
  200  12:22  Ravager  
  198  12:25  Zergling x4  
  188  12:40  Zergling x2  
  188  12:41  Zergling x24  
  188  12:43  Zergling x6  
  157  12:48  Zergling x2  
  155  12:53  Zergling x8  
  146  12:58  Ultralisk Cavern  
  146  13:00  Queen  
  146  13:01  Queen  
  146  13:03  Zergling x10  
  151  13:06  Baneling x14  
  151  13:07  Baneling  
  151  13:08  Baneling x10  
  151  13:19  Extractor, Drone, Baneling x8  
  152  13:20  Drone x5  
  152  13:22  Queen  
  152  13:25  Baneling x2  
  158  13:31  Zergling x14  
  165  13:36  Queen x2  
  165  13:40  Zergling x14  
  159  13:57  Zergling x18  
  166  14:04  Zergling x8  
Tags
 
Add a new tag
Caveats
  • Supply blocks, unpowered buildings, or Contaminate may cause inaccurate times.
  • Supply counts are checked every 10 seconds.